 Dungeon Crawl Stone Soup version 0.31-a0-1165-g196b491b36 (webtiles) character file.

Game seed: 10147210929128480543

64 Lobster4 the Shooter (level 4, -4/34 HPs)
             Began as a Human Hunter on Dec 9, 2023.
             Killed from afar by a white imp (7 damage)
             ... with a puff of frost
             ... on level 3 of the Dungeon.
             The game lasted 00:03:55 (1662 turns).

Lobster4 the Shooter (Human Hunter)                 Turns: 1662, Time: 00:03:55

Health: -4/34      AC:  5    Str: 11    XL:     4   Next: 32%
Magic:  4/4        EV: 11    Int:  9    God:
Gold:   26         SH:  0    Dex: 19    Spells: 3/3 levels left

rFire   + . .        a - +0 shortbow
rCold   . . .        (shield currently unavailable)
rNeg    + . .        m - +0 ring mail
rPois   .            (no helmet)
rElec   .            (no cloak)
rCorr   .            (no gloves)
SInv    .            (no boots)
Will    .....        (no amulet)
Stlth   +            e - ring of positive energy
HPRegen 0.25/turn    g - ring of protection from fire
MPRegen 0.09/turn

%: no passive effects
@: no status effects
A: no striking features
a: no special abilities


You were on level 3 of the Dungeon.
You visited 1 branch of the dungeon, and saw 3 of its levels.

You collected 26 gold pieces.

Inventory:

Hand Weapons
 a - a +0 shortbow (weapon)
 b - a +2 vampiric short sword
 f - a +0 dagger
 l - a +0 sling
 o - a +0 short sword
Armour
 c - a +0 leather armour
 m - a +0 ring mail (worn)
Jewellery
 e - a ring of positive energy (left hand)
 g - a ring of protection from fire (right hand)
Scrolls
 h - a scroll of poison {unknown}
 i - a scroll of butterflies
 k - a scroll of identify {unknown}
Potions
 d - a potion of mutation {unknown}
 j - a potion of ambrosia {unknown}
 n - 2 potions of magic {unknown}


   Skills:
 + Level 2.6 Fighting
 * Level 4.4 Ranged Weapons
 + Level 1.5 Armour
 + Level 2.7 Dodging
 - Level 1.0 Stealth


You had 3 spell levels left.
You didn't know any spells.
Your spell library contained the following spells:

 Spells                   Type           Power      Damage    Failure   Level
 Sandblast                Erth           0%         2d4       67%         1
 Passwall                 Tmut/Erth      0%         N/A       82%         2
 Ozocubu's Armour         Ice            0%         N/A       96%         3
 Stone Arrow              Conj/Erth      0%         3d7       96%         3
 Brom's Barrelling Bould  Conj/Erth      0%         2d3       100%        4
 Metabolic Englaciation   Hex/Ice        0%         N/A       100%        5
 Simulacrum               Ice/Necr       0%         N/A       100%        6


Dungeon Overview and Level Annotations

Branches:
Dungeon (3/15)

Altars:
Uskayaw
The Shining One


Message History

You shoot an arrow. The arrow closely misses the white imp.
The arrow hits the kobold zombie!
You destroy the kobold zombie!
The white imp barely misses you.
The white imp hits you but does no damage.
You shoot an arrow. The arrow hits the white imp.
The white imp is almost dead.
The white imp gestures at you. The puff of frost hits you!
You are too injured to fight recklessly!
You are too injured to fight recklessly!
You are too injured to fight recklessly!
You are too injured to fight recklessly!
Fire: a) +0 shortbow
Press: ? - help, Q - select action Shift-Dir - straight line, f/p - white imp
Aim: a white imp (almost dead, 64% to hit)
You shoot an arrow.
The arrow hits the white imp but does no damage.
The white imp is almost dead.
The white imp hits you but does no damage.
Fire: a) +0 shortbow
Press: ? - help, Q - select action Shift-Dir - straight line, f/p - white imp
Aim: a white imp (almost dead, 64% to hit)
You shoot an arrow.
The arrow hits the white imp but does no damage.
The white imp is almost dead.
The white imp gestures at you. The puff of frost hits you.
The white imp hits you.
* * * LOW HITPOINT WARNING * * *
The white imp freezes you.
* * * LOW HITPOINT WARNING * * *
Fire: a) +0 shortbow
Press: ? - help, Q - select action Shift-Dir - straight line, f/p - white imp
Aim: a white imp (almost dead, 64% to hit)
You shoot an arrow.
The arrow hits the white imp but does no damage.
The white imp is almost dead.
The white imp gestures at you. The puff of frost hits you!
You die...

.# .# ..# ############# .# #.#
##.....#.....## .# #.#
##.............# .# #.#####
#............... .# #.....#
#...............
.####.....########...............
...##.>........5@................
.#........########...............
.####.....# #.............).
.###...#### ##.............#
###..#..# ##...........##
....###..######## #####.########
....# #........########.# ###..
....# #######.......# #..†# ....#
#.....†.##.# #.###


You could see a white imp.

Vanquished Creatures
  An adder (D:3)
  2 worms (D:3)
  2 dart slugs
  6 ball pythons
  3 endoplasms
  A giant cockroach (D:2)
  8 goblins
  4 hobgoblins
  2 kobolds (D:2)
  9 bats
  A frilled lizard (D:2)
  2 kobold zombies (D:3)
  2 rats
43 creatures vanquished.

Notes
Turn   | Place    | Note
-------+----------+-------------------------------------------
     0 | D:1      | Lobster4 the Human Hunter began the quest for the Orb.
     0 | D:1      | Reached XP level 1. HP: 16/16 MP: 1/1
    75 | D:1      | Reached XP level 2. HP: 22/22 MP: 2/2
   766 | D:2      | Reached skill level 1 in Armour
   766 | D:2      | Reached XP level 3. HP: 24/28 MP: 3/3
   823 | D:2      | Found a hide-covered altar of Uskayaw.
  1478 | D:3      | Reached XP level 4. HP: 34/34 MP: 4/4
  1633 | D:3      | Found a glowing golden altar of the Shining One.
  1662 | D:3      | Killed from afar by a white imp

Illustrated notes

Levels and vault maps discovered:
D:1:      eino_arrival_tree_alley, layout_loops_ring
D:2:      layout_loops_ring, basic_altar, minmay_misc_feat_diagonals
D:3:      layout_rooms, nicolae_tso_besieged_by_evil

Skill      XL: |  1  2 |
---------------+-------+-----
Armour         | 1 |  1.5
Fighting       | |  2.6
Ranged Weapons | |  4.4
Dodging        | |  2.7
Stealth        | |  1.0

Action                     |  1- 3 |  4- 6 || total
---------------------------+-------+-------++-------
   Fire: Shortbow          |    84 |    39 ||   123
    Use: Scroll            |     1 |       ||     1
 Armour: Leather armour    |     3 |       ||     3
         Ring mail         |     7 |    10 ||    17
  Dodge: Dodged            |    14 |     3 ||    17

Table legend: (Time is in decaauts)
 A = Elapsed time spent in this place.
 B = Non-inter-level travel time spent in this place.
 C = Inter-level travel time spent in this place.
 D = Time resting spent in this place.
 E = Time spent auto-exploring this place.
 F = Levels seen in this place.
 G = Mean time per level.
                   A        B        C        D        E       F      G
               +--------+--------+--------+--------+--------+-----+--------+
         Total |   1694 |   1558 |    136 |      0 |   1278 |   3 |  564.7 |
       Dungeon |   1694 |   1558 |    136 |      0 |   1278 |   3 |  564.7 |
               +--------+--------+--------+--------+--------+-----+--------+

Top non-repeatable levels by time:
     D:2: 742 daAuts
     D:1: 673 daAuts
     D:3: 277 daAuts
